 Dungeon Crawl Stone Soup version 0.20-a0-441-g89e74e4 (webtiles) character file.

601839 PurpleRed the Intangible (level 25, -2/133 HPs)
             Began as a Felid Venom Mage on Jan 3, 2017.
             Was the Champion of Okawaru.
             Killed by the air
             ... invoked by a blizzard demon
              (7 damage)
             ... on level 10 of a ziggurat on Jan 6, 2017.
             The game lasted 08:25:58 (86402 turns).

PurpleRed the Intangible (Felid Venom Mage)        Turns: 86402, Time: 08:25:59

Health: -2/133     AC: 11    Str: 14    XL:     25   Next: 98%
Magic:  34/34      EV: 52    Int: 18    God:    Okawaru [******]
Gold:   2925       SH:  8    Dex: 32    Spells: 0/54 levels left
                                        Lives:  0   Deaths: 5

rFire  + . .     SeeInvis +       - Unarmed
rCold  + + +     Gourm    .     (armour unavailable)
rNeg   + . .     Faith    .     (shield unavailable)
rPois  +         Spirit   .     (helmet unavailable)
rElec  +         Reflect  +     (cloak unavailable)
rCorr  +         Harm     .     (gloves unavailable)
MR     ++++.                    (boots unavailable)
Stlth  ++++++++++               G - brooch of Shielding {Reflect SH+8}
                                J - ring of Nirul {AC+6 Str+6}
                                S - ring "Geydas" {rC+ rN+ MR+ Int+3 Dex+2}

@: agile, resistant, sap magic, very slightly contaminated, hasted, studying
Earth Magic, repel missiles, very quick
A: no armour, no weapons or thrown items, stealth, antennae 1, claws 1, fangs 3,
slimy green scales 1, see invisible, carnivore 3, dopey 1, speed 1, low mp 2,
sense surroundings 2, poison resistance, shaggy fur 3, slow metabolism 1, sharp
paws
}: 4/15 runes: decaying, silver, golden, gossamer
a: Heroism, Finesse, Renounce Religion


You were on level 10 of a ziggurat.
You worshipped Okawaru.
Okawaru was exalted by your worship.
You were not hungry.

You visited 11 branches of the dungeon, and saw 51 of its levels.
You visited 2 ziggurats, and saw 17 of their levels (deepest: 10).
You also visited: Sewer, Ice Cave and Volcano.

You collected 9052 gold pieces.
You spent 6127 gold pieces at shops.

Inventory:

Jewellery
 a - an uncursed ring of resist corrosion
 f - the ring of Shadows {Umbra +Inv Stlth+}
   (You found it on level 5 of a ziggurat)

   [ring of stealth]

   It lets you turn invisible.
   It makes you more stealthy.
 m - an uncursed ring of protection from fire
 C - an uncursed ring of wizardry
 G - the brooch of Shielding (around neck) {Reflect SH+8}
   (You found it on level 8 of a ziggurat)

   [amulet of reflection]

   It shields you and reflects attacks.
   It affects your SH (+8).
 J - the ring of Nirul (right paw) {AC+6 Str+6}
   (You took it off a spriggan berserker on level 4 of the Depths)

   [ring of protection]

   It affects your AC (+6).
   It affects your strength (+6).
 Q - an uncursed amulet of regeneration
 S - the ring "Geydas" (left paw) {rC+ rN+ MR+ Int+3 Dex+2}
   (You found it on level 6 of the Lair of Beasts)

   [ring of protection from cold]

   It affects your intelligence (+3).
   It affects your dexterity (+2).
   It protects you from cold.
   It protects you from negative energy.
   It affects your resistance to hostile enchantments.
Wands
 d - a wand of digging (12/24)
 x - a wand of paralysis (12/24)
 y - a wand of lightning (12/15)
 R - a wand of iceblast (8/15)
 Z - a wand of acid (13/15)
Scrolls
 j - a scroll of acquirement
 k - 11 scrolls of magic mapping
 q - 16 scrolls of teleportation
 w - 16 scrolls of amnesia
 B - a scroll of summoning
 D - 5 scrolls of fear
 E - 7 scrolls of immolation
 F - 10 scrolls of fog
 I - 5 scrolls of vulnerability
 K - 25 scrolls of identify
 L - 28 scrolls of remove curse
 M - 6 scrolls of recharging
 U - 2 scrolls of silence
 Y - a scroll of holy word
Potions
 c - 13 potions of curing
 e - 10 potions of cancellation
 g - 5 potions of lignification
 h - 10 potions of cure mutation
 i - 6 potions of haste
 l - 5 potions of ambrosia
 n - 6 potions of might
 o - 5 potions of heal wounds
 p - 9 potions of agility
 s - 17 potions of brilliance
 t - 7 potions of berserk rage
 z - 4 potions of magic
 A - 7 potions of resistance
 H - 11 potions of flight
 O - 3 potions of invisibility
Books
 r - a manual of Earth Magic
 N - a book of Party Tricks

   Spells                             Type                      Level
   a - Summon Butterflies             Summoning                    1
   b - Apportation                    Translocation                1
   c - Lesser Beckoning               Translocation                3
   d - Tukima's Dance                 Hexes                        3
   e - Alistair's Intoxication        Transmutation/Poison         5
   f - Invisibility                   Hexes                        6
 P - the Papyrus of Creative Air
   (You found it on level 4 of the Depths)

   Spells                             Type                      Level
   a - Repel Missiles                 Charms/Air                   2
   b - Swiftness                      Charms/Air                   2
   c - Call Imp                       Summoning                    2
   d - Call Canine Familiar           Summoning                    3
   e - Summon Mana Viper              Hexes/Summoning              5
   f - Shadow Creatures               Summoning                    6
Miscellaneous
 T - a fan of gales
 W - a phial of floods
Comestibles
 b - 24 meat rations
 v - 22 beef jerkies


   Skills:
 - Level 24.0 Fighting
 O Level 27 Dodging
 - Level 24.5 Stealth
 - Level 22.6 Unarmed Combat
 - Level 15.1 Spellcasting
   Level 1.0 Conjurations
 + Level 18.0 Hexes
 - Level 5.8 Charms
 - Level 4.0 Necromancy
 - Level 7.3 Translocations
 - Level 18.0 Transmutations
 - Level 5.1 Air Magic
 - Level 10.1 Earth Magic
   Level 2.6 Poison Magic
 - Level 8.0 Invocations


You couldn't memorise any spells.
You knew the following spells:

 Your Spells              Type           Power        Failure   Level  Hunger
a - Dragon Form           Tmut           ######....   2%          7    #######
b - Silence               Hex/Air        ######....   1%          5    ####...
c - Confusing Touch       Hex            ######       0%          1    None
d - Confuse               Hex            ######..     0%          3    None
e - Blade Hands           Tmut           ######....   1%          5    ####...
f - Statue Form           Tmut/Erth      ######...    2%          6    #####..
g - Repel Missiles        Chrm/Air       ####..       1%          2    None
h - Invisibility          Hex            ######..     1%          6    #####..
i - Discord               Hex            ######....   21%         8    #######
j - Blink                 Tloc           N/A          1%          2    None
k - Passwall              Tmut/Erth      ######....   1%          2    None
l - Sublimation of Blood  Necr           ####......   1%          2    None
m - Lesser Beckoning      Tloc           #####.....   1%          3    None
r - Regeneration          Chrm/Necr      ####......   1%          3    None


Dungeon Overview and Level Annotations

Branches:
Dungeon (15/15)            Temple (1/1) D:7            Lair (6/6) D:10
  Swamp (4/4) Lair:3       Spider (4/4) Lair:4        Slime (0/5) Lair:6
    Orc (2/2) D:10            Elf (3/3) Orc:2        Vaults (5/5) D:14
  Crypt (3/3) Vaults:2       Tomb (3/3) Crypt:3      Depths (5/5) D:15
    Zot (0/5) Depths:5

Altars:
Ashenzari
Cheibriados
Dithmenos
Elyvilon
Fedhas
Gozag
Hepliaklqana
Kikubaaqudgha
Makhleb
Nemelex Xobeh
Okawaru
Qazlal
Ru
Sif Muna
Trog
Uskayaw
Vehumet
Xom
Yredelemnul
Zin
The Shining One
Jiyva
Lugonu

Shops:
D:5 !   D:6 }   D:11 ?   Orc:2 *=}}   Elf:2 !:!*   Elf:3 :   Vaults:1 :%(
Vaults:4 :   Depths:2 =}=(   Depths:5 *![*

Portals:
Hell: Depths:1 Depths:2 Depths:3 Depths:4 Depths:5
Abyss: Depths:1 Depths:4
Pandemonium: Depths:2 Depths:3
Trove: Depths:3 (give 2 scrolls of acquirement)

Annotations:
D:1 1 exclusion
Zig:10 exclusion: 6 oklob plants


Innate Abilities, Weirdness & Mutations

You cannot wear armour.
You are incapable of wielding weapons or throwing items.
Your paws allow you to move quietly. (Stealth)
You have sharp claws.
You have razor-sharp teeth.
You have supernaturally acute eyesight. (SInv)
You are carnivorous and can eat meat at any time.
You cover ground quickly.
Your thick and shaggy fur keeps you warm. (AC +3, rC+)
You have a slow metabolism.
Your sharp claws are effective at attacking unaware monsters.
You have a pair of small antennae on your head.
You are partially covered in slimy green scales. (AC +2)
You are dopey. (Int -2)
Your magical capacity is very low. (-20% MP)
You passively map the area around you.
Your system is resistant to poisons. (rPois)


Message History

The Brimstone Fiend calls on the powers of darkness!
The shining eye convulses!
Your body is wracked with pain!
* * * LOW HITPOINT WARNING * * *
The floating eye convulses!
The hell beast misses you. The hell beast completely misses you.
The floating eye seems to glare at you.
You see here a thin runed staff.
The oklob plant is no longer unusually resistant.
The Brimstone Fiend is no longer dazed.
The blizzard demon is lost in a daze.
The blizzard demon waves its arms in wide circles.
The air twists around and strikes you!
* * * LOW HITPOINT WARNING * * *
There is a gate leading back out of this place here.
Things that are here:
a centaur barding; the felid corpse of PurpleRed Are you sure you want to leave this ziggurat?
Iheotruazu gestures.
The blizzard demon waves its arms in wide circles.
The air twists around and strikes you!
You die...

▓▓▓..§§§§§§1▓▓▓
▓▓.......§§§§§.▓▓
▓▓........§§§§2§G▓
▓▓.......&§6§§§.&..
▓...........§§....§
▓?)).1.2..PP.......
▓▓$∩"|2......P......
▓.?>2"G2.PP..P.....∩
▓▓|@26G...PPP.......
▓.[2.1.............
▓(..G..............
▓▓†...........§.§§§
▓▓...............▓
▓▓.............▓▓
▓▓▓.........▓▓▓
▓▓▓▓.▓▓▓▓


You could see Iheotruazu, a Tzitzimitl (dazed), a Brimstone Fiend, a cacodemon,
a hell beast, 4 blizzard demons, a torturous blood saint, 2 shining eyes, 3
oklob plants and a floating eye.

Vanquished Creatures
  Khufu (Crypt:3)
  6 ancient liches
  2 juggernauts (Depths:5)
  Mennas (Tomb:1)
  29 greater mummies
  Sojobo (Depths:1)
  Saint Roka (Depths:3)
  Boris (thrice) (Depths:2 Tomb:3 Vaults:5)
  the Lernaean hydra (Swamp:4)
  Bai Suzhen (Crypt:3)
  3 caustic shrikes (Depths:4)
  A curse toe (Crypt:3)
  3 golden dragons
  A profane servitor (Zig:3)
  the Enchantress (Depths:2)
  Jory (Depths:5)
  2 bone dragons
  3 tentacled monstrosities
  Jorgrun (Swamp:4)
  An Ice Fiend (Zig:2)
  10 liches
  3 deep elf blademasters
  4 titans
  Frances (D:13)
  Asterion (Spider:2)
  3 deep elf master archers
  2 quicksilver dragons
  3 acid blobs (Zig:8)
  19 ancient champions
  10 shadow dragons
  2 storm dragons
  14 sphinxes
  Roxanne (Swamp:3)
  2 revenants
  2 thorn hunters (Swamp:3)
  Donald (Vaults:2)
  9 tengu reavers
  9 frost giants
  12 fire giants
  10 deep elf sorcerers
  16 vault wardens
  4 ghost moths
  3 iron dragons
  4 emperor scorpions (Spider:4)
  3 deep elf elementalists (Elf:3)
  Aizul (Swamp:4)
  2 curse skulls
  12 ghouls
  3 draconian annihilators
  A reaper (Zig:6)
  2 orc warlords
  7 spriggan defenders
  29 stone giants
  17 ironheart preservers
  A caustic shrike skeleton (Depths:1)
  Nessos (Lair:4)
  15 very ugly things
  4 entropy weavers
  11 deep elf demonologists
  2 grey draconians (Depths:5)
  12 vampire knights
  2 green draconians (Depths:5)
  18 bennus
  6 spark wasps
  A lorocyproca (Depths:3)
  2 red draconians (Depths:5)
  2 purple draconians (Depths:5)
  A dire elephant (D:15)
  13 deep elf annihilators
  A death ooze (Zig:8)
  10 deep elf death magi
  29 mummy priests
  12 ettins
  17 fire dragons
  A blizzard demon (IceCv)
  3 merfolk javelineers
  A green death (Depths:2)
  9 jiangshi
  4 great orbs of eyes
  26 yaktaur captains
  Josephine (D:13)
  2 merfolk impalers
  16 hydras
  21 ogre magi
  7 deep elf high priests
  7 rakshasas
  8 ice dragons
  A ghost crab (Swamp:3)
  29 vault guards
  A quicksilver dragon skeleton (Tomb:2)
  2 hell beasts
  5 catoblepae (Lair:6)
  Fannar (Lair:3)
  A death knight (Crypt:1)
  7 alligators
  A merfolk avatar (Zig:5)
  3 merfolk aquamancers
  15 centaur warriors
  Erica (Lair:1)
  5 spriggan air magi
  7 deep troll shamans
  52 two-headed ogres
  29 dancing weapons
  47 death scarabs
  7 vampire magi
  8 tengu warriors
  21 death yaks
  9 spriggan berserkers
  2 sun demons
  8 spriggans
  12 deep troll earth magi
  Sonja (Lair:1)
  29 deep elf knights
  9 hell knights
  49 skeletal warriors
  3 shadow wraiths
  A sixfirhy (Depths:3)
  A fire crab (shapeshifter) (Depths:1)
  2 storm dragon skeletons (Tomb:1)
  2 salamander mystics
  An iron troll (Depths:1)
  A sea snake (Zig:5)
  25 deep trolls
  A golden dragon zombie (Tomb:1)
  A spriggan druid (Swamp:4)
  A glowing orange brain (shapeshifter) (Zig:3)
  The ghost of ghowell the Shield-Bearer, a novice FoFi of Hepliaklqana (D:8)
  17 swamp dragons
  2 unseen horrors
  6 wizards
  8 glowing orange brains
  2 sea snakes (shapeshifter)
  A shambling mangrove (Swamp:3)
  An orange crystal statue (Zig:1)
  11 flayed ghosts
  22 deep elf archers
  A lindwurm (Volcano)
  15 phantasmal warriors
  A shadow dragon zombie (Crypt:1)
  25 orb spiders
  13 ironbrand convokers
  A harpy (Vaults:3)
  9 necromancers
  A wolf spider zombie (Crypt:1)
  Pikel (D:6)
  11 orc knights
  A fire giant zombie (Zig:4)
  2 shining eyes (Zig:8)
  An iron dragon zombie (Crypt:1)
  38 wolf spiders
  75 deep elf magi
  A golden dragon skeleton (Crypt:2)
  10 cyclopes
  6 manticores
  73 ugly things
  2 frost giant zombies
  An orb spider (shapeshifter) (Vaults:3)
  6 salamanders
  4 orc sorcerers
  A moth of wrath (Zig:7)
  3 elephants (shapeshifter)
  3 elephants (Lair:4)
  4 frost giant skeletons
  15 vault sentinels
  Joseph (Lair:1)
  A shock serpent zombie (Tomb:1)
  4 stone giant skeletons
  A water nymph (Zig:5)
  An iron dragon skeleton (Crypt:1)
  A molten gargoyle (Depths:3)
  A gargoyle (D:11)
  A titan simulacrum (Depths:1)
  2 fire giant skeletons
  3 torpor snails (shapeshifter)
  3 ice statues
  2 naga magi
  4 torpor snails
  An emperor scorpion zombie (Crypt:1)
  3 black mambas
  16 spiny frogs
  Psyche (D:9)
  2 elf skeletons
  A spriggan zombie (Zig:4)
  2 orange demons (Depths:2)
  A shock serpent skeleton (Crypt:3)
  A rime drake (shapeshifter) (Vaults:1)
  A hellion (Zig:10)
  A komodo dragon (shapeshifter) (D:13)
  10 komodo dragons
  3 rime drakes
  A yaktaur zombie (Zig:2)
  2 alligator snapping turtle skeletons
  3 freezing wraiths
  A harpy zombie (Crypt:2)
  2 red devils
  A tormentor (Zig:6)
  45 guardian mummies
  A dire elephant skeleton (Crypt:3)
  78 yaktaurs
  21 demonic crawlers
  3 meliai (Spider:2)
  A golden dragon simulacrum (Tomb:3)
  4 tengu conjurers
  2 spriggan skeletons
  13 ice devils (IceCv)
  36 jumping spiders
  2 jumping spiders (shapeshifter)
  A yellow draconian skeleton (Crypt:2)
  16 trolls
  A queen bee (Spider:2)
  A troll (shapeshifter) (Depths:5)
  2 wind drakes
  A polar bear (Lair:3)
  22 hornets
  15 tyrant leeches
  A wind drake (shapeshifter) (Depths:3)
  2 harpy skeletons
  6 merfolk
  5 blink frogs (Lair:3)
  A blink frog (shapeshifter) (Vaults:3)
  An ice dragon zombie (Tomb:3)
  An ettin zombie (Zig:6)
  2 dream sheep (shapeshifter)
  11 hippogriffs
  2 stone giant simulacra
  12 bog bodies
  A jumping spider zombie (Crypt:3)
  A meliai zombie (D:14)
  A snapping turtle (shapeshifter) (Depths:1)
  10 dream sheep (Lair:6)
  55 slime creatures
  A deep troll zombie (Depths:1)
  The ghost of AppleBrandy the Cudgeler, an amateur GrMo (D:4)
  A frost giant simulacrum (Vaults:3)
  5 shadows
  5 air elementals
  70 redbacks
  An ettin skeleton (Tomb:1)
  20 water elementals
  7 wraiths
  44 yaks
  A ynoxinul (Depths:2)
  A fire dragon skeleton (Depths:1)
  24 tarantellas
  5 hungry ghosts
  27 flying skulls
  2 vampires
  11 ushabtiu
  A human (shapeshifter) (Vaults:5)
  4 wyverns
  7 fire bats (Volcano)
  A golden eye (shapeshifter) (Vaults:3)
  A golden eye (Zig:8)
  3 steam dragons
  3 basilisks
  3 fire elementals
  27 vampire mosquitoes
  A spriggan simulacrum (Depths:1)
  A wind drake skeleton (Crypt:3)
  31 swamp worms
  3 wargs
  An insubstantial wisp (Swamp:4)
  A naga (shapeshifter) (D:15)
  A neqoxec (Depths:3)
  A torturous demonspawn zombie (Crypt:3)
  4 hell hounds
  2 acid dragons
  A torturous demonspawn skeleton (Crypt:2)
  11 water moccasins
  2 floating eyes
  7 porcupines
  A black bear (shapeshifter) (Vaults:4)
  A sky beast (shapeshifter) (Vaults:4)
  11 swamp drakes
  A hornet zombie (Crypt:2)
  8 sky beasts
  3 spiny frog skeletons
  34 orc warriors
  A black bear (D:7)
  5 ice beasts
  2 phantoms
  24 wolves
  54 ogres
  9 boggarts
  A tengu (shapeshifter) (Depths:3)
  5 necrophages
  A manticore skeleton (Crypt:2)
  2 snapping turtle skeletons
  A snapping turtle zombie (Tomb:1)
  11 crocodiles
  24 centaurs
  A blink frog skeleton (Crypt:1)
  5 big kobolds
  20 bullfrogs
  A fire crab zombie (Crypt:1)
  A cyclops zombie (Crypt:2)
  A wyvern zombie (D:13)
  8 earth elementals
  A gnoll sergeant (D:8)
  A water moccasin skeleton (D:7)
  2 wyvern skeletons
  5 scorpions
  A tengu simulacrum (Depths:1)
  14 killer bees
  20 wights
  4 howler monkeys
  A vampire bat (Lair:1)
  2 electric eels
  11 crimson imps
  7 lava snakes (Volcano)
  2 quasits
  4 centaur zombies
  18 orc priests
  9 hounds
  2 jellies
  2 bullfrog zombies
  7 centaur skeletons
  A gnoll shaman (D:10)
  2 iron imps
  5 bullfrog skeletons
  17 orc wizards
  Terence (D:3)
  2 iguanas
  7 hell rats (Lair:1)
  A human skeleton (Crypt:3)
  13 worker ants
  An acid dragon zombie (Crypt:2)
  A human simulacrum (Crypt:2)
  A hound zombie (D:4)
  2 hound skeletons
  44 mummies
  2 worker ant zombies
  A howler monkey skeleton (Crypt:1)
  17 adders
  20 gnolls
  A hell rat skeleton (Crypt:3)
  11 river rats
  7 shadow imps
  8 white imps
  8 ufetubi
  An ooze (D:2)
  An adder zombie (D:4)
  A lava snake zombie (Crypt:3)
  3 adder skeletons
  17 worms
  3 dart slugs
  14 leopard geckos
  82 orcs
  13 bats
  A bat zombie (Crypt:1)
  7 giant cockroaches
  6 goblins
  11 hobgoblins
  4 jackals (D:3)
  13 kobolds
  9 quokkas
  5 ball pythons
  A ball python skeleton (D:4)
  11 frilled lizards
  A frilled lizard zombie (Crypt:2)
  A goblin skeleton (Crypt:3)
  4 jackal skeletons
  A jackal zombie (Crypt:1)
  A kobold zombie (Crypt:2)
  A leopard gecko skeleton (D:6)
  A leopard gecko zombie (D:4)
  2 quokka skeletons
  2 quokka zombies
  18 rats
  A butterfly (Lair:4)
  2 crawling corpses (Depths:2)
  4 fungi
  3 plants
2912 creatures vanquished.

Vanquished Creatures (collateral kills)
  An orb spider (Spider:4)
  A dream sheep (Lair:6)
2 creatures vanquished.

Vanquished Creatures (others)
  A ghost moth (Spider:4)
  An alligator snapping turtle (Zig:5)
  A dancing weapon (Zig:9)
  5 death scarabs (Tomb:3)
  A skeletal warrior (Tomb:2)
  3 yaktaurs
  A hydra skeleton (Tomb:3)
  A swamp worm (Swamp:4)
  A slave (D:6)
  A centaur (D:6)
  An orc wizard (Vaults:4)
  A mummy (Tomb:2)
  A gnoll (Orc:1)
  3 white imps (IceCv)
  4 ufetubi (IceCv)
  10 fungi
  15 plants
51 creatures vanquished.

Grand Total: 2965 creatures vanquished

Notes
Turn   | Place    | Note
-------+----------+-------------------------------------------
     0 | D:1      | PurpleRed the Felid Venom Mage began the quest for the Orb.
     0 | D:1      | Reached XP level 1. HP: 7/7 MP: 4/4
    52 | D:1      | Reached skill level 1 in Unarmed Combat
   262 | D:1      | Reached XP level 2. HP: 10/11 MP: 0/6
  1323 | D:2      | Reached XP level 3. HP: 14/14 MP: 7/7
  1334 | D:2      | Learned a level 3 spell: Mephitic Cloud
  1344 | D:2      | Learned a level 1 spell: Confusing Touch
  1412 | D:2      | Reached skill level 1 in Hexes
  1983 | D:2      | Reached XP level 4. HP: 18/18 MP: 8/8
  2981 | D:3      | Noticed Terence
  3025 | D:3      | Killed Terence
  3025 | D:3      | Reached XP level 5. HP: 21/21 MP: 3/9
  3285 | D:3      | Learned a level 3 spell: Confuse
  4136 | D:4      | Reached skill level 1 in Conjurations
  4136 | D:4      | Gained mutation: You are covered in thick fur. (AC +2) [Felid growth]
  4136 | D:4      | Reached XP level 6. HP: 22/24 MP: 7/10
  4256 | D:4      | Reached skill level 5 in Unarmed Combat
  4326 | D:4      | Reached skill level 1 in Air Magic
  4659 | D:4      | Noticed AppleBrandy's ghost (amateur GrMo)
  4761 | D:4      | Killed AppleBrandy's ghost
  4761 | D:4      | Reached skill level 1 in Fighting
  4761 | D:4      | Reached XP level 7. HP: 13/28 MP: 11/12
  5585 | D:4      | Found a blossoming altar of Fedhas.
  5585 | D:4      | Found a hazy altar of Hepliaklqana.
  5807 | D:5      | Entered Level 5 of the Dungeon
  6161 | D:5      | Reached XP level 8. HP: 31/34 MP: 13/13
  6227 | D:5      | Reached skill level 3 in Dodging
  6439 | D:5      | Found Kufesule's Distillery.
  6447 | D:5      | Bought a potion of degeneration for 13 gold pieces
  6447 | D:5      | Bought a potion of mutation for 32 gold pieces
  6447 | D:5      | Bought a potion of invisibility for 104 gold pieces
  6447 | D:5      | Bought a potion of might for 52 gold pieces
  6449 | D:5      | Bought a potion of agility for 52 gold pieces
  6449 | D:5      | Bought a potion of brilliance for 52 gold pieces
  6953 | D:6      | Found Soke's Gadget Emporium.
  7020 | D:6      | Found a glowing drain.
  7085 | Sewer    | Entered a sewer
  7292 | Sewer    | Reached skill level 4 in Dodging
  7651 | D:6      | Noticed Pikel
  7680 | D:6      | Killed Pikel
  7680 | D:6      | Reached skill level 5 in Dodging
  7750 | D:6      | Reached XP level 9. HP: 36/37 MP: 14/14
  8196 | D:6      | Reached skill level 6 in Dodging
  8631 | D:7      | Reached skill level 10 in Unarmed Combat
  8863 | D:7      | Reached skill level 5 in Stealth
  8975 | D:7      | Found a staircase to the Ecumenical Temple.
  8989 | Temple   | Entered the Ecumenical Temple
  9123 | Temple   | Became a worshipper of Warmaster Okawaru
  9578 | D:7      | Reached skill level 7 in Dodging
  9824 | D:7      | Noticed a two-headed ogre
  9842 | D:7      | Killed a two-headed ogre
  9858 | D:7      | Reached * piety under Okawaru
  9858 | D:7      | Reached XP level 10. HP: 38/42 MP: 8/15
  9998 | D:7      | Reached skill level 8 in Dodging
 10209 | D:7      | Found an ancient bone altar of Kikubaaqudgha.
 10752 | D:7      | Noticed a rust devil
 10752 | D:7      | Noticed a rust devil
 10869 | D:8      | Reached ** piety under Okawaru
 10943 | D:7      | Found a radiant altar of Vehumet.
 10943 | D:7      | Found a sacrificial altar of Ru.
 10943 | D:7      | Found a glowing golden altar of the Shining One.
 11025 | D:8      | Noticed ghowell's ghost (novice FoFi)
 11130 | D:8      | Killed ghowell's ghost
 11130 | D:8      | Reached skill level 9 in Dodging
 11981 | D:9      | Noticed Psyche
 12526 | D:9      | Killed Psyche
 12526 | D:9      | Reached *** piety under Okawaru
 12681 | D:9      | Found a snail-covered altar of Cheibriados.
 13193 | D:10     | Entered Level 10 of the Dungeon
 13356 | D:10     | Reached XP level 11. HP: 46/46 MP: 15/16
 13373 | D:10     | Learned a level 2 spell: Repel Missiles
 13386 | D:10     | Learned a level 2 spell: Blink
 13514 | D:10     | Found a staircase to the Lair.
 13760 | D:10     | Reached **** piety under Okawaru
 13868 | D:10     | Reached skill level 10 in Stealth
 14122 | D:10     | Found a staircase to the Orcish Mines.
 14141 | D:10     | Reached skill level 1 in Invocations
 14204 | D:10     | Reached skill level 5 in Fighting
 15099 | D:11     | Reached ***** piety under Okawaru
 15282 | D:11     | Noticed a brown ugly thing
 15297 | D:11     | Killed a brown ugly thing
 16149 | D:11     | Found Weriem's Magic Scroll Shop.
 16169 | D:11     | Bought a scroll of fog for 30 gold pieces
 16169 | D:11     | Bought a scroll of vulnerability for 112 gold pieces
 16474 | D:12     | Noticed a two-headed ogre
 16494 | D:12     | Killed a two-headed ogre
 16745 | D:12     | Noticed a two-headed ogre
 16747 | D:12     | Killed a two-headed ogre
 16758 | D:12     | Noticed an unseen horror
 16782 | D:12     | Killed an unseen horror
 16782 | D:12     | Reached ****** piety under Okawaru
 16782 | D:12     | Gained mutation: Your thick and shaggy fur keeps you warm. (AC +3, rC+) [Felid growth]
 16782 | D:12     | Reached XP level 12. HP: 25/53 MP: 17/17
 17518 | D:12     | Noticed a centaur warrior
 17694 | Lair:1   | Entered Level 1 of the Lair of Beasts
 17854 | Lair:1   | Reached skill level 5 in Hexes
 18464 | Lair:1   | Noticed Erica
 18673 | Lair:1   | Noticed Joseph
 18675 | Lair:1   | Killed Erica
 18683 | Lair:1   | Noticed Sonja
 19092 | Lair:1   | Killed Joseph
 19161 | Lair:1   | Killed Sonja
 19873 | Lair:2   | Noticed a death yak
 19873 | Lair:2   | Noticed a death yak
 19874 | Lair:2   | Noticed a death yak
 19879 | Lair:2   | Noticed a death yak
 19920 | Lair:2   | Killed a death yak
 19920 | Lair:2   | Reached skill level 10 in Dodging
 19920 | Lair:2   | Reached skill level 15 in Unarmed Combat
 19951 | Lair:2   | Killed a death yak
 19952 | Lair:2   | Killed a death yak
 19967 | Lair:2   | Killed a death yak
 20763 | Lair:3   | Noticed Fannar
 20770 | Lair:3   | Killed Fannar
 20867 | Lair:3   | Learned a level 5 spell: Blade Hands
 20995 | Lair:3   | Reached skill level 1 in Transmutations
 21000 | Lair:3   | Reached XP level 13. HP: 57/57 MP: 18/18
 21509 | Lair:3   | Found a staircase to the Swamp.
 22319 | Lair:3   | Reached skill level 5 in Transmutations
 22506 | Lair:4   | Found a hole to the Spider Nest.
 22696 | Lair:4   | Noticed Nessos
 22708 | Lair:4   | Killed Nessos
 23215 | Lair:4   | Learned a level 4 spell: Ice Form
 23494 | Lair:5   | Reached skill level 5 in Spellcasting
 24731 | Lair:6   | Entered Level 6 of the Lair of Beasts
 24827 | Lair:6   | Found a viscous altar of Jiyva.
 24827 | Lair:6   | Found a staircase to the Slime Pits.
 24980 | Lair:6   | Reached XP level 14. HP: 62/62 MP: 22/22
 24994 | Lair:6   | Found a dark tunnel.
 25081 | Volcano  | Entered a volcano
 25445 | Volcano  | Found a burning altar of Makhleb.
 25469 | Volcano  | Found a bloodstained altar of Trog.
 27747 | Lair:6   | Got a clouded marble ring
 27755 | Lair:6   | Identified the ring "Geydas" {rC+ rN+ MR+ Int+3 Dex+2} (You found it on level 6 of the Lair of Beasts)
 28198 | Orc:1    | Entered Level 1 of the Orcish Mines
 28943 | Orc:2    | Entered Level 2 of the Orcish Mines
 28945 | Orc:2    | Noticed an orc warlord
 29051 | Orc:2    | Reached skill level 10 in Transmutations
 29724 | Orc:2    | Reached XP level 15. HP: 69/69 MP: 19/23
 29781 | Orc:2    | Found a staircase to the Elven Halls.
 30125 | Orc:2    | Reached skill level 11 in Dodging
 30185 | Orc:2    | Reached skill level 10 in Fighting
 30224 | Orc:2    | Killed an orc warlord
 30416 | Orc:2    | Found Patiedd's Gadget Emporium.
 30418 | Orc:2    | Found Pagi's Assorted Antiques.
 30426 | Orc:2    | Found Neucich's Gadget Shoppe.
 30427 | Orc:2    | Found Meleer's Jewellery Shoppe.
 30429 | Orc:2    | Bought a scroll labeled CORHUZ HEKONO for 26 gold pieces
 30429 | Orc:2    | Bought a scroll labeled CORHUZ HEKONO for 26 gold pieces
 30429 | Orc:2    | Bought a scroll labeled ONITARCH JOBAU for 26 gold pieces
 30709 | Orc:2    | Bought a granite ring for 130 gold pieces
 30717 | Orc:2    | Bought an uncursed ring of poison resistance for 200 gold pieces
 31502 | D:13     | Noticed Josephine
 31515 | D:13     | Killed Josephine
 31689 | D:13     | Found a corrupted altar of Lugonu.
 31894 | D:13     | Noticed Frances
 31901 | D:13     | Killed Frances
 31901 | D:13     | Reached skill level 5 in Invocations
 32048 | D:13     | Reached skill level 12 in Dodging
 33348 | D:14     | Found a large runed door.
 33349 | D:14     | Found a large runed door.
 33792 | D:14     | Reached skill level 13 in Dodging
 34130 | D:14     | Found a gate to the Vaults.
 34661 | D:15     | Entered Level 15 of the Dungeon
 34785 | D:15     | Reached XP level 16. HP: 73/73 MP: 15/24
 35007 | D:15     | Found a staircase to the Depths.
 35579 | D:15     | Reached skill level 14 in Dodging
 36191 | D:5      | Bought a potion of curing for 39 gold pieces
 36191 | D:5      | Bought a potion of heal wounds for 65 gold pieces
 36191 | D:5      | Bought a potion of curing for 39 gold pieces
 36191 | D:5      | Bought a potion of cancellation for 104 gold pieces
 36419 | Swamp:1  | Entered Level 1 of the Swamp
 37137 | Swamp:1  | Learned a level 1 spell: Beastly Appendage
 37344 | Swamp:2  | Found a frozen archway.
 37376 | IceCv    | Entered an ice cave
 38838 | Swamp:2  | Reached skill level 15 in Dodging
 39462 | Swamp:3  | Noticed a thorn hunter
 39468 | Swamp:3  | Killed a thorn hunter
 40128 | Swamp:3  | Noticed a thorn hunter
 40139 | Swamp:3  | Killed a thorn hunter
 40834 | Swamp:3  | Noticed Roxanne
 40876 | Swamp:3  | Killed Roxanne
 40877 | Swamp:3  | Identified Roxanne's Tome of Transformation (You took it off Roxanne on level 3 of the Swamp)
 41486 | Swamp:3  | HP: 2/74 [alligator (12)]
 41820 | Swamp:4  | Entered Level 4 of the Swamp
 41827 | Swamp:4  | Noticed Jorgrun
 41839 | Swamp:4  | Killed Jorgrun
 42339 | Swamp:4  | Reached XP level 17. HP: 74/77 MP: 26/26
 42423 | Swamp:4  | Noticed the 27-headed Lernaean hydra
 42433 | Swamp:4  | Upgraded the game from 0.20-a0-433-g9e36e56 to 0.20-a0-435-gf4ea4dd
 42473 | Swamp:4  | Slain by the 27-headed Lernaean hydra
 42474 | Swamp:4  | Reached XP level 16. HP: -5/74 MP: 11/25
 42577 | Swamp:4  | Noticed Aizul
 42607 | Swamp:4  | Killed Aizul
 42725 | Swamp:4  | Killed the 27-headed Lernaean hydra
 43070 | Swamp:4  | Learned a level 6 spell: Statue Form
 43751 | Swamp:4  | Reached skill level 1 in Earth Magic
 44573 | Swamp:4  | Got a decaying rune of Zot
 45181 | Vaults:1 | Entered Level 1 of the Vaults
 46107 | Vaults:1 | Found Panoe's Antique Weapon Emporium.
 46838 | Vaults:1 | Reached skill level 5 in Earth Magic
 46842 | Vaults:1 | Found Veosofo's Food Boutique.
 47111 | Vaults:1 | Reached XP level 17. HP: 77/77 MP: 21/28
 47456 | Vaults:1 | Found Davim's Book Emporium.
 48082 | Vaults:2 | Noticed Donald
 48091 | Vaults:2 | Killed Donald
 48169 | Vaults:2 | Slain by a vault warden
 48170 | Vaults:2 | Reached XP level 16. HP: -4/96 MP: 22/27
 49943 | Vaults:2 | Found a staircase to the Crypt.
 49943 | Vaults:2 | Noticed an ancient champion
 49958 | Vaults:2 | Killed an ancient champion
 49978 | Vaults:2 | Reached XP level 17. HP: 78/78 MP: 25/28
 50839 | Vaults:1 | Bought a book of Battle for 400 gold pieces
 51097 | Spider:1 | Entered Level 1 of the Spider Nest
 51361 | Spider:1 | Reached skill level 16 in Dodging
 52612 | Spider:2 | Noticed Asterion
 52620 | Spider:2 | Killed Asterion
 52708 | Spider:2 | You fall through a shaft!
 54759 | Spider:4 | Entered Level 4 of the Spider Nest
 54771 | Spider:4 | Reached XP level 18. HP: 85/85 MP: 24/29
 55223 | Spider:4 | Learned a level 3 spell: Regeneration
 55406 | Spider:4 | Reached skill level 1 in Charms
 56002 | Spider:4 | Reached skill level 1 in Necromancy
 56293 | Spider:4 | Got a gossamer rune of Zot
 56783 | Vaults:2 | Reached skill level 1 in Translocations
 57580 | Vaults:3 | Got a slimy silver ring
 57581 | Vaults:3 | Identified the ring "Egodee" {+Inv rN+} (You found it on level 3 of the Vaults)
 57623 | Vaults:3 | Noticed an Ice Fiend
 57627 | Vaults:3 | Noticed a Hell Sentinel
 57872 | Vaults:3 | Reached skill level 15 in Fighting
 58030 | Vaults:3 | Reached XP level 19. HP: 93/93 MP: 30/30
 59042 | Vaults:4 | Reached skill level 17 in Dodging
 59428 | Vaults:4 | Reached skill level 10 in Hexes
 59647 | Vaults:4 | Killed from afar by a deep troll earth mage
 59648 | Vaults:4 | Reached XP level 18. HP: -27/90 MP: 29/29
 59993 | Vaults:4 | Found Kehaucuv's Book Emporium.
 59998 | Vaults:4 | Bought a book of Transfigurations for 660 gold pieces
 60200 | Vaults:4 | Gained mutation: You passively map a small area around you. [potion of beneficial mutation]
 60201 | Vaults:4 | Gained mutation: You have a pair of small antennae on your head. [potion of beneficial mutation]
 61064 | Depths:1 | Entered Level 1 of the Depths
 61252 | Depths:1 | Reached XP level 19. HP: 95/95 MP: 15/30
 61369 | D:15     | Learned a level 7 spell: Dragon Form
 61636 | Depths:1 | Reached skill level 18 in Dodging
 61637 | Depths:1 | Noticed Sojobo
 61645 | Depths:1 | Killed Sojobo
 62507 | Depths:1 | Found a one-way gate to the infinite horrors of the Abyss.
 62514 | Depths:1 | Found a gateway to Hell.
 63271 | Depths:2 | Found a one-way gate leading to the halls of Pandemonium.
 63622 | Depths:2 | Reached skill level 19 in Dodging
 63737 | Depths:2 | Reached XP level 20. HP: 102/102 MP: 31/31
 63847 | Depths:2 | Found Gieppof's Jewellery Shoppe.
 63847 | Depths:2 | Found Liuq's Gadget Shop.
 63848 | Depths:2 | Found Sucrapta's Jewellery Shoppe.
 63876 | Depths:2 | Found Xotukhlaa's Weapon Boutique.
 65114 | Depths:2 | Identified a scroll of acquirement
 65115 | Depths:2 | Identified the Disquisition on Malediction (You acquired it on level 2 of the Depths)
 65364 | Depths:3 | Noticed Saint Roka
 65397 | Depths:3 | Noticed Boris
 65412 | Depths:2 | Killed Boris
 65517 | Depths:3 | Upgraded the game from 0.20-a0-435-gf4ea4dd to 0.20-a0-441-g89e74e4
 65578 | Depths:3 | Noticed the Enchantress
 66012 | D:6      | Bought a wand of digging (5/24) for 216 gold pieces
 66317 | Depths:2 | Killed the Enchantress
 66627 | Depths:3 | Found a portal to a secret trove of treasure.
 67031 | Depths:3 | Killed Saint Roka
 67031 | Depths:3 | Reached skill level 20 in Dodging
 67209 | Depths:3 | Reached skill level 15 in Transmutations
 67842 | Depths:3 | Identified the Disquisition on Earth and Dark Rituals
 67852 | Depths:3 | Reached XP level 21. HP: 42/108 MP: 27/32
 67883 | Depths:3 | Identified the Tome of Combat Magic
 68716 | Depths:4 | Noticed a caustic shrike
 68744 | Depths:4 | Killed a caustic shrike
 69169 | Depths:4 | Noticed a caustic shrike
 69175 | Depths:4 | Killed a caustic shrike
 69255 | Depths:4 | Identified the ring of Nirul {AC+6 Str+6} (You took it off a spriggan berserker on level 4 of the Depths)
 69314 | Depths:4 | Identified the Papyrus of Creative Air
 69354 | Depths:4 | Noticed a golden dragon
 69355 | Depths:4 | Noticed a caustic shrike
 69355 | Depths:4 | Noticed a golden dragon
 69375 | Depths:4 | Killed a golden dragon
 69383 | Depths:4 | Killed a golden dragon
 69387 | Depths:4 | Killed a caustic shrike
 69607 | Depths:5 | Entered Level 5 of the Depths
 69632 | Depths:5 | Found Taleen's General Store.
 69639 | Depths:5 | Found a snail-covered altar of Cheibriados.
 69664 | Depths:5 | Bought a potion of beneficial mutation for 490 gold pieces
 69664 | Depths:5 | Gained mutation: You passively map the area around you. [potion of beneficial mutation]
 69837 | Depths:5 | Found a gateway to a ziggurat.
 69837 | Depths:5 | Noticed Jory
 69843 | Depths:5 | Killed Jory
 69984 | Depths:5 | Found Bimaz's Distillery.
 69994 | Depths:5 | Bought a potion of heal wounds for 90 gold pieces
 69994 | Depths:5 | Bought a potion of heal wounds for 90 gold pieces
 70028 | Depths:5 | Gained mutation: You are partially covered in slimy green scales. (AC +2) [potion of beneficial mutation]
 70029 | Depths:5 | Gained mutation: Your system is resistant to poisons. (rPois) [potion of beneficial mutation]
 70068 | Depths:5 | Noticed a juggernaut
 70074 | Depths:5 | Killed a juggernaut
 70074 | Depths:5 | Reached skill level 15 in Stealth
 70074 | Depths:5 | Reached XP level 22. HP: 114/114 MP: 27/35
 70206 | Depths:5 | Found Teipuav's General Store.
 70230 | Depths:5 | Found Egoteb's Antique Armour Shoppe.
 70444 | Depths:5 | Noticed a golden dragon
 70450 | Depths:5 | Killed a golden dragon
 70527 | Depths:5 | Found a gate to the Realm of Zot.
 70750 | Depths:5 | Noticed a juggernaut
 70758 | Depths:5 | Killed a juggernaut
 71181 | Zig:1    | Entered Level 1 of a ziggurat
 71225 | Zig:2    | Entered Level 2 of a ziggurat
 71245 | Zig:2    | Reached skill level 10 in Earth Magic
 71258 | Zig:3    | Entered Level 3 of a ziggurat
 71307 | Zig:4    | Entered Level 4 of a ziggurat
 71409 | Zig:5    | Entered Level 5 of a ziggurat
 71474 | Zig:6    | Entered Level 6 of a ziggurat
 71533 | Zig:7    | Entered Level 7 of a ziggurat
 71548 | Zig:7    | Noticed a juggernaut
 72030 | Elf:1    | Entered Level 1 of the Elven Halls
 72440 | Elf:1    | Learned a level 5 spell: Silence
 72867 | Elf:2    | Found a runed gate.
 72867 | Elf:2    | Found a runed gate.
 72884 | Elf:2    | Found a runed gate.
 72907 | Elf:2    | Found Zoczostre's Distillery.
 72908 | Elf:2    | Found Josieda's Distillery.
 72908 | Elf:2    | Found Pongo's Book Shoppe.
 72912 | Elf:2    | Found Fowk's General Store.
 72938 | Elf:2    | Bought a potion of might for 44 gold pieces
 72947 | Elf:2    | Bought a potion of agility for 64 gold pieces
 72947 | Elf:2    | Bought a potion of agility for 64 gold pieces
 73409 | Elf:2    | Reached XP level 23. HP: 118/118 MP: 37/37
 73873 | Elf:3    | Entered Level 3 of the Elven Halls
 73874 | Elf:3    | Reached skill level 10 in Spellcasting
 73882 | Elf:3    | Learned a level 6 spell: Invisibility
 74067 | Elf:3    | Found Ajulaen's Book Shoppe.
 74979 | Elf:3    | Reached skill level 5 in Air Magic
 75003 | Elf:3    | Got a clouded marble ring
 75019 | Elf:3    | Identified the ring of the Tortoise {Ice MR+} (You found it on level 3 of the Elven Halls)
 75031 | Elf:3    | Identified Jemaithro's Grimoire of Clay
 75063 | Elf:3    | Identified Sif Muna's Handbook of Feathers and Stones
 75089 | Elf:3    | Got a transparent glass ring
 75090 | Elf:3    | Identified the ring of False Pretenses {rPois rC+ MR- Str+4 Dex+3} (You took it off a deep elf sorcerer on level 3 of the Elven Halls)
 75494 | Crypt:1  | Entered Level 1 of the Crypt
 75887 | Crypt:1  | Reached skill level 5 in Charms
 76187 | Crypt:1  | Reached skill level 21 in Dodging
 76550 | Crypt:2  | Reached XP level 24. HP: 123/123 MP: 38/38
 76773 | Crypt:2  | Reached skill level 5 in Translocations
 76972 | Crypt:3  | Entered Level 3 of the Crypt
 77082 | Crypt:3  | Noticed Khufu
 77082 | Crypt:3  | Noticed a greater mummy
 77082 | Crypt:3  | Noticed a greater mummy
 77091 | Crypt:3  | Killed a greater mummy
 77102 | Crypt:3  | Killed a greater mummy
 77114 | Crypt:3  | Killed Khufu
 77221 | Crypt:3  | Noticed Bai Suzhen
 77232 | Crypt:3  | Killed Bai Suzhen
 77387 | Crypt:3  | Reached skill level 22 in Dodging
 77457 | Crypt:3  | Noticed an ancient lich
 77466 | Crypt:3  | Killed an ancient lich
 77484 | Crypt:3  | Noticed an ancient lich
 77484 | Crypt:3  | Noticed an ancient lich
 77494 | Crypt:3  | Killed an ancient lich
 77497 | Crypt:3  | Killed an ancient lich
 77511 | Crypt:3  | Identified the Handbook of Black Rites
 77514 | Crypt:3  | Identified the Volume of Shifting Battle Magic
 77554 | Crypt:3  | Found a staircase to the Tomb.
 77698 | Tomb:1   | Entered Level 1 of the Tomb of the Ancients
 78005 | Tomb:1   | Noticed Mennas
 78038 | Tomb:1   | Killed Mennas
 78356 | Tomb:1   | Noticed a greater mummy
 78365 | Tomb:1   | Killed a greater mummy
 78506 | Tomb:1   | Identified the Disquisition on the Rocks and Arcane Weapons
 78585 | Tomb:1   | Reached XP level 25. HP: 129/129 MP: 34/39
 78691 | Tomb:1   | Noticed a greater mummy
 78695 | Tomb:1   | Killed a greater mummy
 78944 | Tomb:2   | Noticed a greater mummy
 78946 | Tomb:2   | Noticed a greater mummy
 78949 | Tomb:2   | Noticed a greater mummy
 78951 | Tomb:2   | Noticed a greater mummy
 79037 | Tomb:1   | Killed a greater mummy
 79105 | Tomb:2   | Killed a greater mummy
 79132 | Tomb:1   | Killed a greater mummy
 79235 | Tomb:2   | Killed a greater mummy
 79701 | Tomb:1   | Noticed a greater mummy
 79701 | Tomb:1   | Noticed a greater mummy
 79702 | Tomb:1   | Noticed a greater mummy
 79703 | Tomb:1   | Killed a greater mummy
 79714 | Tomb:2   | Killed a greater mummy
 79772 | Tomb:1   | Killed a greater mummy
 79804 | Tomb:1   | Noticed a greater mummy
 79814 | Tomb:1   | Killed a greater mummy
 79871 | Tomb:1   | Noticed a greater mummy
 79882 | Tomb:1   | Killed a greater mummy
 79902 | Tomb:1   | Noticed a greater mummy
 79914 | Tomb:1   | Killed a greater mummy
 79917 | Tomb:1   | Noticed a greater mummy
 79957 | Tomb:1   | Killed a greater mummy
 79975 | Tomb:1   | Noticed a greater mummy
 79989 | Tomb:1   | Killed a greater mummy
 80045 | Tomb:1   | Noticed a greater mummy
 80054 | Tomb:1   | Killed a greater mummy
 80066 | Tomb:1   | Noticed a greater mummy
 80102 | Tomb:1   | Killed a greater mummy
 80116 | Tomb:1   | Noticed a greater mummy
 80125 | Tomb:1   | Noticed a greater mummy
 80130 | Tomb:1   | Noticed a greater mummy
 80132 | Tomb:1   | Noticed a greater mummy
 80140 | Tomb:1   | Killed a greater mummy
 80146 | Tomb:1   | Killed a greater mummy
 80467 | Tomb:1   | Killed a greater mummy
 80467 | Tomb:1   | Reached XP level 26. HP: 137/137 MP: 33/42
 80481 | Tomb:1   | Killed a greater mummy
 80688 | Tomb:3   | Entered Level 3 of the Tomb of the Ancients
 80709 | Tomb:2   | HP: 3/137 [bennu (17)]
 80852 | Tomb:3   | Noticed a greater mummy
 80855 | Tomb:3   | Noticed an ancient lich
 80957 | Tomb:3   | Killed an ancient lich
 80963 | Tomb:3   | Killed a greater mummy
 80970 | Tomb:2   | Reached skill level 15 in Spellcasting
 81097 | Tomb:3   | Noticed an ancient lich
 81103 | Tomb:3   | Killed an ancient lich
 81166 | Tomb:3   | Noticed Boris
 81171 | Tomb:3   | Killed Boris
 81206 | Tomb:3   | Identified Toess's Grimoire of Glacial Heat
 81234 | Tomb:3   | Identified Sif Muna's Reference Book on Enchanting Dislocation
 81351 | Tomb:3   | Noticed a greater mummy
 81364 | Tomb:3   | Killed a greater mummy
 81415 | Tomb:3   | Noticed a greater mummy
 81438 | Tomb:3   | Killed a greater mummy
 81497 | Tomb:3   | Noticed a greater mummy
 81498 | Tomb:3   | Noticed a greater mummy
 81507 | Tomb:3   | Killed a greater mummy
 81517 | Tomb:3   | Killed a greater mummy
 81581 | Tomb:3   | Got a golden rune of Zot
 81669 | Tomb:3   | Noticed a greater mummy
 81676 | Tomb:3   | Killed a greater mummy
 81870 | Tomb:3   | Noticed a greater mummy
 81880 | Tomb:3   | Killed a greater mummy
 82632 | Elf:2    | Bought a manual of Dodging for 2097 gold pieces
 83020 | Vaults:5 | Entered Level 5 of the Vaults
 83044 | Vaults:5 | Reached skill level 23 in Dodging
 83084 | Vaults:5 | Reached skill level 24 in Dodging
 83138 | Vaults:5 | Reached XP level 27. HP: 123/142 MP: 43/43
 83149 | Vaults:5 | Reached skill level 25 in Dodging
 83346 | Vaults:5 | Noticed Boris
 83355 | Vaults:5 | Killed Boris
 83355 | Vaults:5 | Reached skill level 26 in Dodging
 83684 | Vaults:5 | Reached skill level 27 in Dodging
 83993 | Vaults:5 | Noticed an ancient lich
 84006 | Vaults:5 | Killed an ancient lich
 84183 | Vaults:5 | Got a silver rune of Zot
 84849 | Depths:5 | Bought a potion of heal wounds for 90 gold pieces
 84849 | Depths:5 | Bought a potion of heal wounds for 90 gold pieces
 84849 | Depths:5 | Bought a potion of cure mutation for 450 gold pieces
 84849 | Depths:5 | Bought a potion of resistance for 180 gold pieces
 85174 | Elf:1    | Learned a level 8 spell: Discord
 85483 | Depths:3 | Learned a level 2 spell: Passwall
 85486 | Depths:3 | Learned a level 2 spell: Sublimation of Blood
 85490 | Depths:3 | Learned a level 3 spell: Lesser Beckoning
 85718 | Zig:1    | Entered Level 1 of a ziggurat
 85733 | Zig:2    | Entered Level 2 of a ziggurat
 85794 | Zig:3    | Entered Level 3 of a ziggurat
 85896 | Zig:4    | Entered Level 4 of a ziggurat
 85939 | Zig:5    | Entered Level 5 of a ziggurat
 86055 | Zig:6    | Entered Level 6 of a ziggurat
 86105 | Zig:7    | Entered Level 7 of a ziggurat
 86123 | Zig:7    | Reached skill level 15 in Hexes
 86164 | Zig:7    | Identified Nel Len's Guide on Harmful Bewitchment
 86170 | Zig:8    | Entered Level 8 of a ziggurat
 86187 | Zig:8    | Gained mutation: Your magical capacity is low. (-10% MP) [a shining eye]
 86256 | Zig:9    | Entered Level 9 of a ziggurat
 86322 | Zig:9    | Identified the Handbook of Hexes
 86328 | Zig:9    | Identified the Compendium of Congealing Conjuration
 86347 | Zig:10   | Entered Level 10 of a ziggurat
 86352 | Zig:10   | Noticed Iheotruazu the pandemonium lord
 86355 | Zig:10   | Gained mutation: Your magical capacity is very low. (-20% MP) [a shining eye]
 86362 | Zig:10   | HP: 6/142 [blizzard demon/bolt of lightning (30)]
 86371 | Zig:10   | Killed from afar by a hellion
 86372 | Zig:10   | Reached XP level 26. HP: -16/138 MP: 34/34
 86372 | Zig:10   | Paralysed by a floating eye for 4 turns
 86374 | Zig:10   | Splashed by an oklob plant's acid
 86375 | Zig:10   | Reached XP level 25. HP: -5/133 MP: 34/34
 86393 | Zig:10   | Paralysed by a floating eye for 4 turns
 86399 | Zig:10   | Gained mutation: You are dopey. (Int -2) [a shining eye]
 86401 | Zig:10   | HP: 5/133 [blizzard demon/the air[Iheotruazu] (4)]
 86402 | Zig:10   | Killed from afar by a blizzard demon

Vault maps used:
D:1:      shiori_angband_town, st_stairs_5
D:2:      wad_river_or_something, minmay_unequal
D:3:      hex_large, uniq_terence
D:4:      gammafunk_temple_overflow_statue, serial_undead, serial_undead_d,
          serial_undead_f, serial_undead_e, serial_undead_d, serial_undead_d,
          grunt_ministairs_8
D:5:      first_bread, serial_shops, shop_statue
D:6:      serial_shops, kennysheep_mini, portal_sewer_entry_b, uniq_pikel
D:7:      cheibrodos_iron_armory, nicolae_overflow_hidden_temple, st_stairs_4,
          grunt_ogre_cave
D:9:      basic_altar, uniq_psyche
D:10:     wad_cavern_with_rooms, dpeg_oklobed_lair, orc_0_dummy
D:11:     serial_shops, nicolae_shop_behind_doors
D:13:     tgw_lugonu_bribe, uniq_frances, uniq_josephine
D:14:     doesnt_quadruple_sword, hangedman_vaults_entry_quadrant_bands,
          hangedman_decor_lopped
D:15:     hangedman_depths_entry_try_elsewhere_first
Temple:   regret_index_temple_waves
Lair:1:   lemuel_ratsnest, roderic_batcave, grunt_forest_stairs_basic,
          uniq_joseph, uniq_sonja, uniq_erica
Lair:2:   serial_bayou_shore_a, grunt_megastairs_4
Lair:3:   nicolae_swamp_entry_splash_gauntlet, uniq_fannar
Lair:4:   spider_nest_entry_web_field, lemuel_fruit_fields, uniq_nessos
Lair:6:   evilmike_catoblepas_cave, slime_altar_1, enter_volcano_2,
          grunt_megastairs_2, lemuel_fruit_tree
Swamp:1:  hangedman_swamp_ruin_hall
Swamp:2:  portal_ice_cave_entry_ice_statue_one, evilmike_swamp_ruin_rubble_2
Swamp:3:  serial_swamp_ruin, hangedman_swamp_ruin_wall,
          evilmike_swamp_ruin_house_4, uniq_roxanne
Swamp:4:  swamp_old_school, swamp_pool2, infiniplex_staircase_pool_2,
          uniq_aizul, uniq_jorgrun
Spider:2: special_room, worms_lemuel, uniq_asterion
Spider:4: grunt_spider_rune_island
Orc:2:    st_orc_open
Elf:1:    minmay_elf_arrival_circle, kennysheep_underground_church
Elf:2:    minmay_shoptagon
Elf:3:    grunt_elf_hall_asides, serial_shops, shop
Vaults:1: v_pattern_2, hangedman_vaults_locks, vaults_room_grunt_arrival_ludios,
          nicolae_vaults_network_periphery, hangedman_vaults_capsules,
          vaults_dpeg_cross, vaults_dpeg_ring, vaults_room_pools,
          nicolae_vaults_alarming, serial_shops, shop_statue,
          nicolae_shop_statue_plus, shop_statue
Vaults:2: minmay_crypt_entry_simple_statues, v_pattern_5,
          nicolae_vaults_an_arrangement, v_misc_13, nicolae_vaults_rhombus_5,
          nicolae_vaults_puzzle_piece, vaults_mumra_minichess,
          nicolae_vaults_puzzle_piece, v_misc_26, v_misc_27,
          nicolae_vaults_big_angled_halls, v_misc_25, vaults_room_door_ring,
          uniq_donald
Vaults:3: hangedman_vaults_cutoff, v_misc_15, nicolae_vaults_angled_halls,
          nicolae_vaults_little_squares_4, hangedman_vaults_stagger,
          vaults_room_ringed_pool, nicolae_vaults_lopsided_apartments,
          nicolae_vaults_rhombus_6, nicolae_vaults_little_squares_5, v_rooms_1,
          v_misc_11, vaults_dpeg_hooks
Vaults:4: hangedman_vaults_slither, vaults_mumra_minichess_inversion,
          nicolae_vaults_gold_heap, v_misc_10, ontoclasm_vaults_claustrophobia,
          nicolae_vaults_murderbox, vaults_mumra_chevron_long,
          nicolae_vaults_little_squares_3, dpeg_vaults_monster_box,
          vaults_dpeg_doors, v_pattern_1, serial_shops, shop
Vaults:5: serial_shops, uniq_boris
Crypt:1:  grunt_crypt_arrival_webbed
Crypt:2:  hangedman_weighted_door
Crypt:3:  david_glass_crypt, uniq_khufu, uniq_bai_suzhen
Tomb:1:   uniq_mennas
Tomb:3:   uniq_boris
Depths:1: grunt_mini_vestibule, nrook_pool_corridor, abyss_entry,
          minmay_hedge_maze, kennysheep_another_room, minmay_misc_feat_rows,
          minmay_misc_feat_roman, roderic_nine_men_s_morris,
          kennysheep_generic_room_12, uniq_sojobo
Depths:2: minmay_three_patterns, hangedman_tar_grid_catacomb,
          rand_demon_pan_entry_7, kennysheep_boxes, serial_shops, shop,
          minmay_misc_feat_tiny, minmay_shop_grove
Depths:3: lemuel_flame_loot_2, enter_trove_2, grunt_pan_entry_in_and_out,
          hell_entry, hangedman_stitches_earthworm, uniq_enchantress,
          uniq_boris, uniq_saint_roka
Depths:4: cheibrodos_leafed_vault, abyss_entry, hell_entry
Depths:5: evilmike_zot_entry_gauntlet, enter_ziggurat_e, serial_shops,
          nicolae_shop_behind_doors, nicolae_shop_trees,
          nicolae_shop_statue_plus, shop_fountains, hangedman_geh_valley,
          cheibriados_altar_1, uniq_jory
Zig:6:    ziggurat_pillar_centre_c
Zig:10:   ziggurat_pillar_centre_oklobs
Sewer:    sewer_frog_island_01
IceCv:    ice_cave_small_demon
Volcano:  volcano_grotto

Skill      XL: |  1  2  3  4  5  6  7  8  9 10 11 12 13 14 15 16 17 18 19 20 21 22 23 24 25 26 27 |
---------------+----------------------------------------------------------------------------------+-----
Unarmed Combat | 1 2 3 4 6 7 9 11 12 14 15 16 18 21 22 | 22.6
Hexes          | 1 2 3 4 8 11 12 14 18 17 | 18.0
Stealth        | 3 6 9 10 13 15 18 20 24 | 24.5
Conjurations   | 1 |  1.0
Air Magic      | 1 5 |  5.1
Fighting       | 1 3 4 6 7 9 10 13 15 18 19 20 21 23 24 | 24.0
Spellcasting   | 3 5 7 8 9 10 11 14 15 | 15.1
Dodging        | 5 7 9 10 13 15 16 19 20 21 22 24 27 | 27.0
Invocations    | 4 7 8 |  8.0
Transmutations | 1 8 10 13 12 15 16 17 18 | 18.0
Earth Magic    | 7 6 8 10 | 10.1
Charms         | 4 5 |  5.8
Necromancy     | 1 4 |  4.0
Translocations | 3 7 |  7.3
Poison Magic   | |  2.6

Action                   |  1- 3 |  4- 6 |  7- 9 | 10-12 | 13-15 | 16-18 | 19-21 | 22-24 | 25-27 || total
-------------------------+-------+-------+-------+-------+-------+-------+-------+-------+-------++-------
Melee: Unarmed           |    19 |   146 |   317 |   668 |  1130 |  2663 |  1357 |  1284 |  1123 ||  8707
       Bite              |     3 |    12 |    28 |    64 |   142 |   342 |   186 |   196 |   195 ||  1168
       Punch             |       |     2 |     8 |    38 |    95 |   286 |   150 |   142 |   175 ||   896
       Tailslap          |       |       |       |       |       |       |    53 |    10 |     9 ||    72
 Cast: Sting             |    84 |   119 |    85 |    24 |    18 |     6 |       |       |       ||   336
       Confusing Touch   |     2 |    21 |    11 |     9 |     5 |     4 |       |       |       ||    52
       Mephitic Cloud    |       |     4 |     9 |    26 |    45 |     4 |       |       |       ||    88
       Confuse           |       |    13 |    77 |   221 |   153 |   148 |       |       |       ||   612
       Repel Missiles    |       |       |       |     4 |     5 |    10 |     7 |     6 |     2 ||    34
       Blade Hands       |       |       |       |       |    49 |    63 |       |       |       ||   112
       Blink             |       |       |       |       |     2 |     2 |       |     2 |     1 ||     7
       Statue Form       |       |       |       |       |       |    95 |    64 |    74 |    53 ||   286
       Ice Form          |       |       |       |       |       |     2 |       |       |       ||     2
       Regeneration      |       |       |       |       |       |    16 |    78 |    52 |    63 ||   209
       Dragon Form       |       |       |       |       |       |       |    21 |     4 |     7 ||    32
       Silence           |       |       |       |       |       |       |       |    26 |    44 ||    70
Invok: Heroism           |       |       |       |     5 |    33 |    59 |    29 |    18 |    24 ||   168
       Finesse           |       |       |       |       |       |     1 |       |       |       ||     1
 Abil: End Transformatio |       |       |       |       |     3 |    19 |     5 |     2 |     2 ||    31
       Breathe Fire      |       |       |       |       |       |       |       |       |     1 ||     1
Evoke: Wand              |       |       |       |       |       |     2 |     1 |     3 |       ||     6
       Figurine of a zig |       |       |       |       |       |       |       |       |     1 ||     1
  Use: Scroll            |     4 |     9 |     7 |    11 |     9 |    20 |    10 |     7 |     9 ||    86
       Potion            |       |       |       |     2 |     6 |    20 |     3 |     3 |    27 ||    61
 Stab: Confused          |     1 |    14 |    40 |   112 |   107 |    55 |       |       |       ||   329
       Sleeping          |     1 |     2 |     7 |    24 |    30 |    39 |    20 |    49 |    10 ||   182
       Distracted        |       |       |       |     3 |     3 |     7 |     6 |     3 |     8 ||    30
       Invisible         |       |       |       |     1 |       |       |       |       |       ||     1
       Petrified         |       |       |       |       |     1 |       |       |       |       ||     1
       Held in net/web   |       |       |       |       |       |     1 |       |       |       ||     1
  Eat: Chunk             |    10 |    10 |    15 |    53 |    60 |   126 |    67 |    41 |    18 ||   400
       Royal jelly       |       |       |       |       |       |     2 |       |     3 |     7 ||    12
       Pizza             |       |       |       |       |       |     1 |       |     6 |     2 ||     9
       Beef jerky        |       |       |       |       |       |     1 |       |       |     2 ||     3
       Meat ration       |       |       |       |       |       |       |       |       |     2 ||     2
Armor: Skin              |       |    11 |    11 |     9 |    17 |   423 |   198 |   260 |   307 ||  1236
Dodge: Dodged            |    27 |    96 |   143 |   336 |   695 |  3179 |  1649 |  1668 |  2310 || 10103
       Deflected         |       |       |       |     4 |     8 |    22 |    38 |    18 |     9 ||    99
Block: Other             |       |       |    15 |    60 |   110 |   440 |   229 |   236 |   300 ||  1390
       Reflection        |       |       |     1 |       |     8 |    20 |    24 |     8 |    11 ||    72
